 Dungeon Crawl Stone Soup version 0.22.0-38-g04b72b8 (webtiles) character file.

275 JeffiDaFish the Skirmisher (level 6, 0/40 HPs)
             Began as a Gargoyle Fighter on Aug 30, 2018.
             Killed from afar by Sigmund (3 damage)
             ... with a magic dart
             ... on level 4 of the Dungeon.
             The game lasted 00:07:08 (2862 turns).

JeffiDaFish the Skirmisher (Gargoyle Fighter)       Turns: 2862, Time: 00:07:09

Health: 0/40       AC: 12    Str: 27    XL:     6   Next: 25%
Magic:  6/6        EV:  7    Int:  8    God:
Gold:   142        SH: 14    Dex:  9    Spells: 5/5 levels left

rFire    + + .     SeeInvis .   k - +0 morningstar
rCold    + . .     Gourm    .   c - +0 shield
rNeg     + . .     Faith    .   a - +1 scale mail {rF+}
rPois    ∞         Spirit   .   (no helmet)
rElec    +         Reflect  .   g - scarf {rC+ rF+}
rCorr    .         Harm     .   (no gloves)
MR       .....                  (no boots)
Stlth    +.........             (no amulet)
HPRegen  0.13/turn              e - ring of stealth
MPRegen  0.10/turn              (no ring)

@: mighty, flying
A: big wings, large bone plates 1, blurry vision 2, negative energy resistance
1, electricity resistance, unbreathing, evolution 1, petrification resistance,
rot immunity, AC +4
a: Stop Flying


You were on level 4 of the Dungeon.
You were not hungry.

You visited 1 branch of the dungeon, and saw 4 of its levels.

You collected 142 gold pieces.

Inventory:

Hand Weapons
 k - a +0 morningstar (weapon)
Armour
 a - a +1 scale mail of fire resistance (worn)
 c - a +0 shield (worn)
 g - a scarf of resistance (worn)
Jewellery
 e - a ring of stealth (left hand)
Wands
 b - a wand of iceblast (9)
Scrolls
 i - 2 scrolls of identify
 l - a scroll of remove curse
 m - a scroll of magic mapping
Potions
 h - 2 potions of brilliance
Comestibles
 f - 5 rations
 j - 2 chunks of flesh


   Skills:
 * Level 5.1 Fighting
 + Level 3.1 Maces & Flails
 * Level 5.0 Armour
 + Level 4.3 Shields


You had 5 spell levels left.
You didn't know any spells.
Your spell library was empty.

Dungeon Overview and Level Annotations

Branches:
Dungeon (4/15)
 Temple: D:4-7

Altars:
Dithmenos

Annotations:
D:4 Sigmund


Innate Abilities, Weirdness & Mutations

You are resistant to torment.
Your stone body is resilient. (AC +4)
You are immune to poison.
You resist negative energy. (rN+)
You are resistant to electric shocks. (rElec)
You can survive without breathing.
You are immune to petrification.
You are immune to rotting.
Your large and strong wings let you fly indefinitely.
You are partially covered in large bone plates. (SH +4)
Scrolls take you longer to read.
You evolve.


Message History

You bump into the rock wall.
You feel very mighty all of a sudden. Something hits you but does no damage.
You bump into the rock wall.
Something hits you.
You miss something.
You feel less confused. Something hits you.
You closely miss something. You impale something!!
Something completely misses you.
You barely miss something. Something hits you!
* * * LOW HITPOINT WARNING * * *
Your shield prevents you from hitting something.
You hear some strange, mumbled words.
A puff of flame appears from out of thin air!
The puff of flame hits you! You resist.
* * * LOW HITPOINT WARNING * * *
You hear some strange, mumbled words.
A magic dart appears from out of thin air!
The magic dart hits you!
You die...

##.#.##.#.....# #
##.###..#......##
....#####.##
##.##.......
.........##
##.......##
###.#####.##
##..#)....#
###.###.#.###.###
#....#.##.# #.#
.# #(###.###.#
#(# .# #@# ###
#.# #.# .##.###
#{# ####.###.#
....... #.#
#........#
.##....# #.#
#.##.#####
...#.#.## #.#
#.##.# #%......#
#.# #.##.#
#(##.#..# #.#
#.##.#
#....#..####.#
#.##..
#......!...#
#.####


There were no monsters in sight!

Vanquished Creatures
  2 orc priests (D:3)
  A bullfrog skeleton (D:4)
  Terence (D:3)
  2 orc wizards (D:3)
  4 adders (D:3)
  A leopard gecko (D:1)
  17 orcs
  A ball python (D:3)
  2 giant cockroaches (D:1)
  5 goblins (D:1)
  3 hobgoblins
  2 jackals (D:3)
  6 bats
  3 frilled lizards (D:2)
  4 kobolds
  9 rats
63 creatures vanquished.

Vanquished Creatures (others)
  An orc (D:3)
1 creature vanquished.

Grand Total: 64 creatures vanquished

Notes
Turn   | Place    | Note
-------+----------+-------------------------------------------
     0 | D:1      | JeffiDaFish the Gargoyle Fighter began the quest for the Orb.
     0 | D:1      | Reached XP level 1. HP: 14/14 MP: 1/1
    47 | D:1      | Gained mutation: You evolve. [potion of mutation]
    47 | D:1      | Gained mutation: Your large and strong wings let you fly indefinitely. [potion of mutation]
    47 | D:1      | Gained mutation: Scrolls take you a little longer to read. [potion of mutation]
    47 | D:1      | Gained mutation: You are partially covered in large bone plates. (SH +4) [potion of mutation]
   205 | D:1      | Reached XP level 2. HP: 19/19 MP: 2/2
  1010 | D:2      | Reached XP level 3. HP: 24/24 MP: 3/3
  1037 | D:2      | Found a shadowy altar of Dithmenos.
  1091 | D:2      | Found a faded altar of an unknown god.
  1485 | D:3      | Reached XP level 4. HP: 26/29 MP: 4/4
  1972 | D:3      | Noticed Terence
  1979 | D:3      | Killed Terence
  1979 | D:3      | Reached XP level 5. HP: 34/34 MP: 5/5
  2507 | D:3      | Reached skill level 5 in Fighting
  2507 | D:3      | Reached XP level 6. HP: 40/40 MP: 6/6
  2680 | D:3      | Gained mutation: Scrolls take you longer to read. [evolution]
  2725 | D:4      | Reached skill level 5 in Armour
  2837 | D:4      | Noticed Sigmund
  2862 | D:4      | Killed from afar by Sigmund

Skill      XL: |  1  2  3  4  5  6 |
---------------+-------------------+-----
Fighting       | 4 5 |  5.1
Armour         | 4 5 |  5.0
Shields        | 4 |  4.3
Maces & Flails | 3 |  3.1

Action                   |  1- 3 |  4- 6 || total
-------------------------+-------+-------++-------
Melee: Flail             |   104 |       ||   104
       Morningstar       |    15 |   178 ||   193
 Abil: Fly               |     1 |       ||     1
  Use: Potion            |     5 |     2 ||     7
       Scroll            |     4 |     4 ||     8
  Eat: Chunk             |     2 |     5 ||     7
Armor: Scale mail        |    53 |    72 ||   125
       Chain mail        |    14 |    14 ||    28
Dodge: Dodged            |    27 |    37 ||    64
Block: Shield            |    90 |   139 ||   229
